 Dungeon Crawl Stone Soup version 0.30-a0-1075-gcd70e7a56d (webtiles) character file.

Game seed: 13610825260205796820

239 kae the Chopper (level 6, -6/51 HPs)
             Began as a Hill Orc Fighter on Apr 14, 2023.
             Killed from afar by Blork the orc (9 damage)
             ... with a puff of flame
             ... on level 4 of the Dungeon.
             The game lasted 00:01:59 (2732 turns).

kae the Chopper (Hill Orc Fighter)                  Turns: 2732, Time: 00:01:59

Health: -6/51      AC:  8    Str: 21    XL:     6   Next: 7%
Magic:  6/6        EV:  9    Int:  8    God:
Gold:   116        SH:  6    Dex: 10    Spells: 5/5 levels left

rFire   . . .      SeeInvis .    a - +1 war axe
rCold   . . .      Faith    .    c - +1 buckler
rNeg    . . .      Spirit   .    b - +0 scale mail
rPois   .          Reflect  .    (no helmet)
rElec   .          Rampage  .    t - +0 cloak
rCorr   .                        (no gloves)
Will    +....                    (no boots) Stlth
                                 (no amulet)
HPRegen 0.28/turn                n - ring of willpower
MPRegen 0.10/turn                (no ring)

@: no status effects
A: no striking features
a: no special abilities


You were on level 4 of the Dungeon.
You visited 1 branch of the dungeon, and saw 4 of its levels.

You collected 116 gold pieces.


   Skills:
 - Level 3.6 Fighting
 + Level 6.8 Axes
 - Level 3.2 Armour
 - Level 5.0 Shields


You had 5 spell levels left.
You didn't know any spells.
Your spell library was empty.

Inventory:

Hand Weapons
 a - a +1 war axe (weapon)
Missiles
 f - 34 stones (quivered)
 k - 6 javelins
 v - 4 poisoned darts
 x - 3 boomerangs
Armour
 b - a +0 scale mail (worn)
 c - a +1 buckler (worn)
 t - a +0 cloak (worn)
   (You took it off Crazy Yiuf on level 2 of the Dungeon)
Jewellery
 n - a ring of willpower (left hand)
   (You found it on level 1 of the Dungeon)
Scrolls
 g - a scroll of enchant armour
 h - 3 scrolls of enchant weapon
 i - 3 scrolls of teleportation {unknown}
 l - a scroll of amnesia
Potions
 d - 2 potions of might
 e - 2 potions of haste {unknown}
 m - 3 potions of flight {unknown}
 p - a potion of heal wounds {unknown}
 r - 2 potions of mutation {!q}
 s - a potion of lignification {!q}
 w - a potion of brilliance {unknown}
 z - a potion of curing {unknown}
 A - a potion of invisibility {unknown}

Dungeon Overview and Level Annotations

Branches:
Dungeon (4/15) Zot: 21192
 Temple: D:4-7

Altars:
Trog
Wu Jian

Annotations:
D:4 Blork the orc

###.#.....+
#.........#
#.#.#.#######
#.........#
#####.......#
.#.##...........#
................#
......###.###...#
##......@.......#
#.....o.......##
##..####......#
## ######$# #


You could see Blork the orc.


Message History

You completely miss the phantom. The phantom hits you.
You completely miss the phantom. You block the phantom's attack.
The phantom hits you but does no damage. 😕 HP[-1]
You take 1 damage, and now have 41/45 hp.
You hit the phantom. The phantom hits you.
You closely miss the phantom.
The phantom hits you but does no damage. 😕 HP[-1]
You take 1 damage, and now have 40/45 hp.
You hit the phantom.
The phantom hits you but does no damage.
You slash the phantom!
You destroy the phantom!
Your Axes skill increases to level 6!
You have reached level 6! 😕 HP[+7] MP[+1]
You now have 51 max hp (+6).
You regained 7 hp, and now have 47/51 hp.
Your mp is fully restored (6).
Okay, then.
e - 2 silvery potions 😎 HP[+4]
Your hp is fully restored (51).
Unknown command.
Blork the orc comes into view.
He is wielding a +0 short sword and carrying a wand of flame (15).
Blork the orc shouts!
Blork the orc zaps a wand.
The puff of flame hits you but does no damage.
You start waiting.
Blork the orc is nearby!
Blork the orc screams, "I'll cover the dungeon with your blood!"
Blork the orc casts a spell at you. The magic dart hits you. 😕 HP[-5]
You take 5 damage, and now have 46/51 hp.
Blork the orc hits you with a +0 short sword.
You closely miss Blork the orc.
Blork the orc points at you and mumbles some strange words.
The magic dart hits you. 😕 HP[-7]
You take 7 damage, and now have 39/51 hp.
You barely miss Blork the orc.
Blork the orc zaps a wand.
The puff of flame hits you!
You are too injured to fight recklessly! 😮 HP[-9]
You take 9 damage, and now have 30/51 hp.
You closely miss Blork the orc.
Blork the orc gestures at you while chanting.
The magic dart hits you.
* * * LOW HITPOINT WARNING * * *
😨 HP[-5]
You take 5 damage, and now have 25/51 hp.
Unknown command.
You completely miss Blork the orc.
Blork the orc hits you with a +0 short sword.
* * * LOW HITPOINT WARNING * * *
Blork the orc gestures at you while chanting.
The magic dart hits you.
* * * LOW HITPOINT WARNING * * *
😨 HP[-3]
You take 3 damage, and now have 22/51 hp.
You hit Blork the orc.
Blork the orc points at you and mumbles some strange words.
The magic dart hits you.
* * * LOW HITPOINT WARNING * * *
😨 HP[-3]
You take 3 damage, and now have 19/51 hp.
Unknown command.
You slash Blork the orc! Blork the orc casts a spell at you.
The magic dart hits you but does no damage.
You hit Blork the orc but do no damage.
Blork the orc zaps a wand.
The puff of flame hits you!
* * * LOW HITPOINT WARNING * * *
You hit Blork the orc.
Blork the orc hits you but does no damage. 😱 HP[-7]
You take 7 damage, and now have 12/51 hp.
You barely miss Blork the orc.
Blork the orc gestures at you while chanting.
You block the puff of frost.
Unknown command.
You slash Blork the orc!
Blork the orc hits you with a +0 short sword.
* * * LOW HITPOINT WARNING * * *
You block Blork the orc's attack.
You barely miss Blork the orc. Blork the orc casts a spell at you.
The puff of frost hits you!
* * * LOW HITPOINT WARNING * * *
😱 HP[-9]
You take 9 damage, and now have 3/51 hp.
Unknown command.
You barely miss Blork the orc.
Blork the orc zaps a wand.
The puff of flame hits you!
You die...

Skill      XL: |  1  2  3  4  5 |
---------------+----------------+-----
Axes           | 3 4 5 6 |  6.8
Shields        | 4 5 |  5.0
Fighting       | |  3.6
Armour         | |  3.2

Action                     |  1- 3 |  4- 6 || total
---------------------------+-------+-------++-------
  Melee: War axe           |   113 |   125 ||   238
    Use: Scroll            |       |    11 ||    11
 Armour: Scale mail        |    60 |    45 ||   105
  Dodge: Dodged            |    61 |    54 ||   115
  Block: Buckler           |    17 |    26 ||    43

Levels and vault maps discovered:
D:1:      eino_arrival_druids_welcome, layout_loops_ring
D:2:      layout_basic, minmay_pentomino_x4, uniq_crazy_yiuf_cottage
D:3:      layout_loops_ring, general_overflow_altar,
          pdpol_wu_jian_five_deadly_venoms
D:4:      layout_basic, serial_shops, nicolae_lakefront_shop,
          chequers_serial_rivers_small_b, uniq_edmund, uniq_blork_the_orc

Notes
Turn   | Place    | Note
-------+----------+-------------------------------------------
     0 | D:1      | kae the Hill Orc Fighter began the quest for the Orb.
     0 | D:1      | Reached XP level 1. HP: 19/19 MP: 1/1
     0 | D:1      | magus.rc [v1.11.3]
   107 | D:1      | Reached skill level 3 in Axes
   196 | D:1      | Reached XP level 2. HP: 26/26 MP: 2/2
   565 | D:1      | Reached skill level 4 in Axes
   565 | D:1      | Reached XP level 3. HP: 31/31 MP: 3/3
  1069 | D:2      | Reached skill level 4 in Shields
  1136 | D:2      | Reached XP level 4. HP: 35/39 MP: 4/4
  1344 | D:2      | Found a runed translucent door.
  1345 | D:2      | Noticed Crazy Yiuf
  1578 | D:2      | HP: 7/38 [Crazy Yiuf/+3 quarterstaff of chaos (11)]
  1579 | D:2      | Killed Crazy Yiuf
  1580 | D:2      | Reached skill level 5 in Axes
  1789 | D:2      | Reached XP level 5. HP: 25/45 MP: 5/5
  2033 | D:3      | Found an ornate altar of the Wu Jian Council.
  2183 | D:3      | Found a bloodstained altar of Trog.
  2225 | D:3      | Reached skill level 5 in Shields
  2680 | D:4      | Noticed a phantom
  2692 | D:4      | Killed a phantom
  2693 | D:4      | Reached skill level 6 in Axes
  2693 | D:4      | Reached XP level 6. HP: 47/51 MP: 6/6
  2714 | D:4      | Noticed Blork the orc
  2727 | D:4      | HP: 12/51 [Blork the orc/puff of flame (8)]
  2731 | D:4      | HP: 3/51 [Blork the orc/puff of frost (9)]
  2732 | D:4      | Killed from afar by Blork the orc

Vanquished Creatures
  A phantom (D:4)
  Crazy Yiuf (D:2)
  4 adders
  3 gnolls
  2 worms (D:2)
  2 dart slugs
  An orc (D:3)
  6 ball pythons
  3 endoplasms
  4 giant cockroaches
  4 goblins
  6 hobgoblins (D:1)
  3 jackals (D:1)
  6 quokkas
  6 bats
  4 frilled lizards
  6 kobolds
  5 rats
67 creatures vanquished.

Table legend:
 A = Non-vault XP
 B = Vault XP
 C = Vault XP percentage of total XP
 D = Non-vault monster count
 E = Vault monster count
 F = Vault count percentage of total count
                 A         B        C        D         E       F
            +---------+---------+-------+---------+---------+-------
      Total |     297 |      45 |  13.2 |      63 |       4 |   6.0
            +---------+---------+-------+---------+---------+-------
        D:1 |      47 |       0 |   0.0 |      27 |       0 |   0.0
        D:2 |      85 |      45 |  34.6 |      18 |       4 |  18.2
        D:3 |      62 |       0 |   0.0 |      16 |       0 |   0.0
        D:4 |     103 |       0 |   0.0 |       2 |       0 |   0.0
            +---------+---------+-------+---------+---------+-------

Illustrated notes

Table legend:
 A = Kills in this place as a percentage of kills in the entire game.
 B = Kills by you in this place as a percentage of kills by you in the entire game.
 C = Kills by friends in this place as a percentage of kills by friends in the entire game.
 D = Other kills in this place as a percentage of other kills in the entire game.
 E = Experience gained in this place as a percentage of experience gained in the entire game.
 F = Experience gained in this place divided by the number of levels of this place that you have seen.
                   A       B       C       D       E      F
               +-------+-------+-------+-------+-------+----------------------
         Total | 100.0 | 100.0 |   N/A |   N/A | 100.0 |  85.5
       Dungeon | 100.0 | 100.0 |   N/A |   N/A | 100.0 |  85.5
               +-------+-------+-------+-------+-------+----------------------

Table legend: (Time is in decaauts)
 A = Elapsed time spent in this place.
 B = Non-inter-level travel time spent in this place.
 C = Inter-level travel time spent in this place.
 D = Time resting spent in this place.
 E = Time spent auto-exploring this place.
 F = Levels seen in this place.
 G = Mean time per level.
                   A        B        C        D        E       F      G
               +--------+--------+--------+--------+--------+-----+--------+
         Total |   2806 |   2666 |    140 |    198 |   1936 |   4 |  701.5 |
       Dungeon |   2806 |   2666 |    140 |    198 |   1936 |   4 |  701.5 |
               +--------+--------+--------+--------+--------+-----+--------+

Top non-repeatable levels by time:
     D:1: 964 daAuts
     D:2: 947 daAuts
     D:3: 811 daAuts
     D:4: 82 daAuts
